 Dungeon Crawl Stone Soup version 0.31-a0-128-g25add195a6 (webtiles) character file.

Game seed: 8325063549915480722

1005 Chroloform the Trooper (level 8, -7/70 HPs)
             Began as a Minotaur Fighter on June 1, 2023.
             Mangled by a howler monkey (10 damage)
             ... on level 4 of the Dungeon on June 2, 2023.
             The game lasted 00:10:55 (3769 turns).

Chroloform the Trooper (Minotaur Fighter)           Turns: 3769, Time: 00:10:55

Health: -7/70      AC:  7    Str: 20    XL:     8   Next: 0%
Magic:  7/7        EV:  2    Int:  7    God:
Gold:   223        SH:  0    Dex: 11    Spells: 7/7 levels left

rFire   . . .        e - staff of death
rCold   . . .        c - +0 buckler
rNeg    + + .        b - +0 ring mail {rN+}
rPois   .            (helmet restricted)
rElec   .            (no cloak)
rCorr   .            (no gloves)
SInv    .            d - +0 pair of boots
Will    .....        u - amulet of reflection
Stlth   +            (no ring)
HPRegen 0.31/turn    (no ring)
MPRegen 0.10/turn

%: reflection
@: sleeping
A: horns 2, retaliatory headbutt
a: no special abilities


You were on level 4 of the Dungeon.
You visited 1 branch of the dungeon, and saw 4 of its levels.

You collected 223 gold pieces.

Inventory:

Armour
 b - a +0 ring mail of positive energy (worn)
 c - a +0 buckler (worn)
 d - a +0 pair of boots (worn)
Magical Staves
 e - a staff of death (weapon)
 v - a staff of earth
Jewellery
 u - an amulet of reflection (around neck)
Wands
 w - a wand of acid (7)
Scrolls
 f - a scroll of fog {unknown}
 h - 2 scrolls of fear {unknown}
 i - a scroll of vulnerability {unknown}
 k - 4 scrolls of teleportation {unknown}
 n - a scroll of amnesia {unknown}
 o - a scroll of immolation {unknown}
 r - a scroll of enchant armour {unknown}
 s - a scroll of magic mapping {unknown}
 t - a scroll of identify {unknown}
 x - a scroll of torment {unknown}
Potions
 a - a potion of brilliance
 g - 2 potions of mutation {unknown}
 j - a potion of attraction {unknown}
 l - 2 potions of lignification {unknown}
 m - 3 potions of invisibility {unknown}
 p - a potion of enlightenment {unknown}
 q - 4 potions of curing {unknown}
 z - 4 potions of cancellation {unknown}


   Skills:
 + Level 5.7 Fighting
 - Level 2.4 Axes
 + Level 5.1 Staves
 + Level 5.6 Armour
 + Level 5.6 Shields
 * Level 2.4 Necromancy
 * Level 2.8 Evocations


You had 7 spell levels left.
You didn't know any spells.
Your spell library contained the following spells:

 Spells                   Type           Power      Damage    Failure   Level
 Portal Projectile        Hex/Tloc       0%         N/A       95%         3
 Tukima's Dance           Hex            0%         N/A       95%         3
 Blade Hands              Tmut           0%         N/A       100%        5


Dungeon Overview and Level Annotations

Branches:
Dungeon (4/15)
 Temple: D:4-7

Altars:
Ashenzari
Kikubaaqudgha

Shops:
D:3 (


Innate Abilities, Weirdness & Mutations

You have a pair of horns on your head.
You reflexively headbutt those who attack you in melee.


Message History

* * * LOW HITPOINT WARNING * * *
The endoplasm freezes you.
You are frozen.
* * * LOW HITPOINT WARNING * * *
The howler monkey barely misses you.
You take 4 damage, and have 10/62 hp.
You barely miss the kobold brigand.
The kobold brigand is heavily wounded.
The kobold brigand hits you but does no damage.
You block the endoplasm's attack. The howler monkey closely misses you.
You furiously retaliate!
You headbutt the howler monkey! You closely miss the kobold brigand.
You headbutt the kobold brigand!
The kobold brigand is almost dead.
The kobold brigand barely misses you. The endoplasm freezes you.
You are frozen.
* * * LOW HITPOINT WARNING * * *
The howler monkey hoots and howls with incredible vigour!
You take 3 damage, and have 8/62 hp.
You hit the kobold brigand.
You kill the kobold brigand!
The endoplasm hits you.
* * * LOW HITPOINT WARNING * * *
The howler monkey hits you but does no damage.
You have reached level 8!
You feel agile.
MP restored: 7 You hit the sleepcap but do no damage.
The howler monkey hoots and howls with incredible vigour!
The sleepcap releases spores at you but does no damage.
The endoplasm closely misses you.
You hit the sleepcap but do no damage.
The sleepcap writhes in agony.
The sleepcap is lightly damaged.
The howler monkey closely misses you. The sleepcap releases spores at you.
* * * LOW HITPOINT WARNING * * *
You are engulfed in a cloud of soporific spores!
You fall asleep.
The endoplasm hits you but does no damage.
The howler monkey hits you!
You die...

#.#...##.##...#.....#.......#
#.##.†.#.#...##.....#.......#
#..##)'#.#h.##......'.......#
#####...###...###...#...#.......#
............8...........#.......#
........###...###.......#.......#
.......##.'#.#'.##......#.....###
......##..K#.#.fJ##.....#.....#..
......#KS.##.##h@.#.....#.....#..
......#.J##...##./#.....#.....#..
......####.....####.....'.....'..
........................#.....#..
.....###.###..##...##...#.....#..
..######.####.##...##...#.....##.
..#....#................#......#'
..#....'................#......#.
..#....#................#......#.


You could see a sleepcap, a howler monkey (catching breath) and an endoplasm.

Vanquished Creatures
  Sigmund (D:3)
  An ogre (D:4)
  2 phantoms (D:4)
  A kobold brigand (D:4)
  2 scorpions (D:4)
  An orc priest (D:3)
  An iguana (D:3)
  Terence (D:3)
  Jessica (D:3)
  Natasha (twice) (D:2)
  Ijyb (D:3)
  4 orc wizards (D:4)
  3 gnolls (D:3)
  4 adders
  3 worms
  A dart slug (D:2)
  14 orcs
  4 ball pythons
  4 endoplasms
  7 giant cockroaches
  5 goblins
  6 hobgoblins
  8 kobolds
  2 quokkas
  3 bats (D:1)
  3 frilled lizards
  3 rats (D:1)
88 creatures vanquished.

Vanquished Creatures (others)
  An orc wizard (D:4)
1 creature vanquished.

Grand Total: 89 creatures vanquished

Notes
Turn   | Place    | Note
-------+----------+-------------------------------------------
     0 | D:1      | Chroloform the Minotaur Fighter began the quest for the
                  | Orb.
     0 | D:1      | Reached XP level 1. HP: 19/19 MP: 0/0
   255 | D:1      | Noticed a shining eye
   256 | D:1      | Noticed a golden eye
   262 | D:1      | Found a faded altar of an unknown god.
   264 | D:1      | Noticed a shining eye
   264 | D:1      | Noticed an eye of devastation
   299 | D:1      | Reached XP level 2. HP: 18/27 MP: 1/1
   765 | D:2      | Reached skill level 1 in Staves
  1013 | D:2      | Reached XP level 3. HP: 23/33 MP: 2/2
  1167 | D:2      | Noticed Natasha
  1175 | D:2      | Killed Natasha
  1429 | D:2      | Noticed Natasha
  1435 | D:2      | Killed Natasha
  1436 | D:2      | Reached XP level 4. HP: 35/40 MP: 3/3
  1569 | D:3      | Found an ancient bone altar of Kikubaaqudgha.
  1708 | D:3      | Noticed Sigmund
  1716 | D:3      | Killed Sigmund
  1717 | D:3      | Reached XP level 5. HP: 36/47 MP: 4/4
  1771 | D:3      | Noticed Jessica
  1795 | D:3      | Reached XP level 6. HP: 49/55 MP: 5/5
  1798 | D:3      | Killed Jessica
  1983 | D:3      | Reached skill level 5 in Armour
  1992 | D:3      | Reached skill level 5 in Shields
  1992 | D:3      | Found Becinut's Weapon Boutique.
  2113 | D:3      | Noticed Ijyb
  2123 | D:3      | Killed Ijyb
  2124 | D:3      | Reached skill level 5 in Fighting
  2124 | D:3      | Reached skill level 1 in Evocations
  2286 | D:3      | Noticed Terence
  2296 | D:3      | Killed Terence
  2297 | D:3      | Reached skill level 1 in Necromancy
  2671 | D:4      | Reached XP level 7. HP: 28/61 MP: 6/6
  3492 | D:4      | Found a broken altar of Ashenzari.
  3680 | D:4      | Reached skill level 5 in Staves
  3768 | D:4      | Reached XP level 8. HP: 8/70 MP: 7/7
  3769 | D:4      | HP: 3/70 [sleepcap (6)]
  3769 | D:4      | Mangled by a howler monkey

Illustrated notes

Levels and vault maps discovered:
D:1:      minmay_arrival_semitransparent, layout_basic,
          hellmonk_ecumenical_altar_watching_god
D:2:      layout_basic, uniq_natasha
D:3:      layout_basic, overflow_temple_1_default, serial_shops,
          nicolae_shop_bloodbath_and_beyond, uniq_terence, uniq_ijyb,
          uniq_sigmund, uniq_jessica
D:4:      cheibrodos_barr_body, layout_gridville, mainiacjoe_overflow_chevrons,
          gup_sewer_entry_glass

Skill      XL: |  1  2  3  4  5  6  7 |
---------------+----------------------+-----
Staves         | 1 2 4 5 |  5.1
Armour         | 4 5 |  5.6
Fighting       | 4 5 |  5.7
Shields        | 4 5 |  5.6
Evocations     | 1 2 |  2.8
Necromancy     | 1 2 |  2.4
Axes           | |  2.4

Action                     |  1- 3 |  4- 6 |  7- 9 || total
---------------------------+-------+-------+-------++-------
  Melee: Staff             |    80 |   133 |   167 ||   380
         Headbutt          |    15 |    32 |    28 ||    75
    Use: Potion            |       |     1 |       ||     1
 Armour: Scale mail        |    33 |       |       ||    33
         Ring mail         |       |    35 |    76 ||   111
  Dodge: Dodged            |    24 |    40 |    67 ||   131
  Block: Buckler           |    24 |    56 |    97 ||   177
         Reflection        |       |       |     2 ||     2

Table legend: (Time is in decaauts)
 A = Elapsed time spent in this place.
 B = Non-inter-level travel time spent in this place.
 C = Inter-level travel time spent in this place.
 D = Time resting spent in this place.
 E = Time spent auto-exploring this place.
 F = Levels seen in this place.
 G = Mean time per level.
                   A        B        C        D        E       F      G
               +--------+--------+--------+--------+--------+-----+--------+
         Total |   3803 |   3646 |    157 |    175 |   2775 |   4 |  950.8 |
       Dungeon |   3803 |   3646 |    157 |    175 |   2775 |   4 |  950.8 |
               +--------+--------+--------+--------+--------+-----+--------+

Top non-repeatable levels by time:
     D:4: 1130 daAuts
     D:3: 1121 daAuts
     D:2: 819 daAuts
     D:1: 731 daAuts
